 Dungeon Crawl Stone Soup version 0.28.0-45-g0d030f2227 (webtiles) character file.

Game seed: 4484854229662574322

51 nickcage the Firebug (level 3, -1/19 HPs)
             Began as a Deep Elf Fire Elementalist on Apr 4, 2022.
             Killed by nerve-wracking pain
             ... invoked by an orc priest
              (13 damage)
             ... on level 4 of the Dungeon.
             The game lasted 00:07:26 (2074 turns).

nickcage the Firebug (Deep Elf Fire Elementalist)   Turns: 2074, Time: 00:07:29

Health: -1/19      AC:  2    Str:  5    XL:     3   Next: 58%
Magic:  1/9        EV: 12    Int: 21    God:
Gold:   54         SH:  0    Dex: 15    Spells: 5/8 levels left

rFire   . . .      SeeInvis .   b - +0 whip
rCold   . . .      Faith    .   (no shield)
rNeg    . . .      Spirit   .   a - +0 robe
rPois   .          Reflect  .   (no helmet)
rElec   .          Harm     .   (no cloak)
rCorr   .          Rampage  .   (no gloves)
Will    .....                   (no boots)
Stlth   ++........              (no amulet)
HPRegen 0.06/turn               d - ring of wizardry
MPRegen 0.11/turn               (no ring)

@: very slightly contaminated
A: no striking features
a: no special abilities


You were on level 4 of the Dungeon.
You visited 1 branch of the dungeon, and saw 3 of its levels.

You collected 54 gold pieces.

Inventory:

Hand Weapons
 b - a +0 whip (weapon)
Armour
 a - a +0 robe (worn)
Jewellery
 d - a ring of wizardry (left hand)
Scrolls
 e - 2 scrolls of identify {unknown}
 f - a scroll of vulnerability {unknown}
Potions
 c - a potion of resistance {unknown}
 g - a potion of heal wounds {unknown}


   Skills:
 - Level 2.4 Dodging
 - Level 2.4 Stealth
 - Level 3.0 Spellcasting
 - Level 1.1 Conjurations
 + Level 5.1 Fire Magic


You had 5 spell levels left.
You knew the following spells:

 Your Spells              Type           Power      Damage    Failure   Level
a - Foxfire               Conj/Fire      64%        2x1d7     1%          1
b - Scorch                Fire           48%        2d7       1%          2

Your spell library contained the following spells:

 Spells                   Type           Power      Damage    Failure   Level
 Shock                    Conj/Air       20%        1d4       4%          1
 Conjure Flame            Conj/Fire      16%        6-21      4%          3
 Animate Skeleton         Necr           6%         N/A       5%          1
 Apportation              Tloc           6%         N/A       5%          1
 Summon Small Mammal      Summ           12%        N/A       5%          1
 Static Discharge         Conj/Air       5%         N/A       6%          2
 Inner Flame              Hex/Fire       13%        N/A       6%          3
 Flame Wave               Conj/Fire      16%        2d6       16%         4
 Silence                  Hex/Air        1%         N/A       78%         5


Dungeon Overview and Level Annotations

Branches:
Dungeon (2/15)

Altars:

Shops:
D:1 *   D:2 [

Annotations:
D:2 Sigmund


Message History

There are monsters nearby!
Flames lash the orc.
The orc shouts!
The orc is heavily wounded.
The orc's fire resistance burns away.
The orc shouts!
The orc barely misses you.
Flames lash the orc.
The orc is almost dead.
The orc's fire resistance burns away.
The orc closely misses you.
Flames lash the orc.
The orc is almost dead.
The orc's fire resistance burns away.
You miscast Scorch.
You are very lightly contaminated with residual magic.
Nothing appears to happen.
The orc is no longer more vulnerable to fire.
The orc hits you with a +0 dagger.
You barely miss the orc.
The orc is almost dead.
The orc is no longer more vulnerable to fire.
The orc barely misses you.
The orc priest looks satisfied for a moment.
The orc hits you but does no damage.
You hit the orc.
You kill the orc!
The orc closely misses you.
You hit the orc.
You kill the orc!
The orc barely misses you. The orc priest closely misses you.
You hit the orc.
You kill the orc!
The orc priest hits you with a +0 hand axe.
Casting: Scorch (safe; 1% risk of failure)
Confirm with . or Enter, or press ? or * to list all spells.
You conjure some foxfire!
The orc priest invokes the aid of Beogh against you.
Pain shoots through your body!
Ouch! That really hurt!
You die...

...#
...#
##...
#...#
#$..#
#...#
##)o.#
#v@).#
#v..##
.....#
#.....#
###...#
###..
#. #.


You could see an orc priest (ally target).

Vanquished Creatures
  2 gnolls (D:2)
  3 orcs (D:4)
  A giant cockroach (D:1)
  A goblin (D:1)
  3 hobgoblins
  7 jackals
  3 quokkas
  3 bats
  A frilled lizard (D:1)
  A kobold (D:1)
  2 rats (D:1)
27 creatures vanquished.

Vanquished Creatures (others)
  6 foxfires (D:1)
  A plant (D:2)
7 creatures vanquished.

Grand Total: 34 creatures vanquished

Notes
Turn   | Place    | Note
-------+----------+-------------------------------------------
     0 | D:1      | nickcage the Deep Elf Fire Elementalist began the quest for
                  | the Orb.
     0 | D:1      | Reached XP level 1. HP: 10/10 MP: 6/6
   447 | D:1      | Reached XP level 2. HP: 14/15 MP: 6/8
   450 | D:1      | Learned a level 2 spell: Scorch
   473 | D:1      | Reached skill level 4 in Fire Magic
   592 | D:1      | Found Utteog's General Store.
   731 | D:1      | Got the Papyrus of the Birds
  1184 | D:2      | Found Husuexk Cigi's Armour Shoppe.
  1323 | D:2      | Found a faded altar of an unknown god.
  1344 | D:2      | Noticed Sigmund
  1372 | D:2      | Reached XP level 3. HP: 16/19 MP: 3/9
  1780 | D:2      | Reached skill level 5 in Fire Magic
  2064 | D:2      | Identified the +1 tower shield "Nemaeme" {Int+5}
  2065 | D:2      | You fall into a shaft and drop 2 floors!
  2074 | D:4      | Killed from afar by an orc priest

Illustrated notes

Levels and vault maps discovered:
D:1:      scummos_arrival_forest, layout_basic, serial_shops, shop
D:2:      layout_basic, chequers_ecumenical_altar_lobes, serial_shops,
          nicolae_shop_trees, minmay_bisected, uniq_sigmund
D:4:      layout_cave_pods, enter_ossuary_4, chequers_jeans,
          cheibrodos_gnoll_hut

Skill      XL: |  1  2  3 |
---------------+----------+-----
Fire Magic     | 4 5 |  5.1
Dodging        | |  2.4
Stealth        | |  2.4
Spellcasting   | |  3.0
Conjurations   | |  1.1

Action                   || total
-------------------------++-------
Melee: Whip              ||    24
 Cast: Foxfire           ||     6
       Scorch            ||    27
Armor: Robe              ||     8
Dodge: Dodged            ||    46
